 Dungeon Crawl Stone Soup version 0.28.0-53-g5a82cb258f (webtiles) character file.

Game seed: 15479022553243504746

48 DildoBatman the Conjurer (level 4, -1/32 HPs)
             Began as a Formicid Conjurer on July 7, 2022.
             Slain by a hobgoblin (5 damage)
             ... on level 2 of the Dungeon.
             The game lasted 00:03:25 (1150 turns).

DildoBatman the Conjurer (Formicid Conjurer)        Turns: 1150, Time: 00:03:25

Health: -1/32      AC:  2    Str: 12    XL:     4   Next: 0%
Magic:  8/8        EV: 12    Int: 17    God:
Gold:   44         SH:  0    Dex: 11    Spells: 5/8 levels left

rFire   . . .      SeeInvis +   a - +1 spear (venom)
rCold   . . .      Faith    .   (no shield)
rNeg    . . .      Spirit   .   k - +0 robe
rPois   .          Reflect  .   (helmet unavailable)
rElec   .          Harm     .   (no cloak)
rCorr   .          Rampage  .   (no gloves)
Will    .....                   (no boots)
Stlth   ++........              (no amulet)
HPRegen 0.10/turn               (no ring)
MPRegen 0.11/turn               (no ring)

@: no status effects
A: permanent stasis, dig shafts and tunnels, antennae 3, four strong arms
a: Dig, Shaft Self


You were on level 2 of the Dungeon.
You visited 1 branch of the dungeon, and saw 2 of its levels.

You collected 77 gold pieces.
You spent 33 gold pieces at shops.

Inventory:

Hand Weapons
 a - a +1 spear of venom (weapon)
 c - a +0 dagger
 h - a +0 short sword
Missiles
 d - 27 stones
Armour
 k - a +0 robe (worn)
Scrolls
 b - 4 scrolls of magic mapping {unknown}
Potions
 e - a potion of berserk rage {unknown}
 f - a potion of heal wounds {unknown}
 g - a potion of brilliance {unknown}
 i - a potion of curing
 j - a potion of lignification {unknown}


   Skills:
 * Level 1.4 Fighting
 * Level 1.4 Armour
 - Level 2.0 Dodging
 - Level 2.4 Stealth
 * Level 2.7 Spellcasting
 * Level 4.0 Conjurations


You had 5 spell levels left.
You knew the following spells:

 Your Spells              Type           Power      Damage    Failure   Level
a - Searing Ray           Conj           30%        2d5       5%          2
c - Magic Dart            Conj           60%        1d6       3%          1

Your spell library contained the following spells:

 Spells                   Type           Power      Damage    Failure   Level
 Dazzling Flash           Conj/Hex       18%        N/A       24%         3
 Fulminant Prism          Conj/Hex       4%         3d6       61%         4
 Iskenderun's Mystic Bla  Conj/Tloc      9%         2d4       61%         4
 Yara's Violent Unravell  Hex/Tmut       1%         3d3       99%         5
 Starburst                Conj/Fire      4%         6d4       100%        6
 Statue Form              Tmut/Erth      1%         N/A       100%        6


Dungeon Overview and Level Annotations

Branches:
Dungeon (2/15)

Altars:

Shops:
D:1 *


Innate Abilities, Weirdness & Mutations

You cannot be hasted, slowed, berserked, paralysed or teleported.
You can dig through walls and to a lower floor.
You have a pair of large antennae on your head. (SInv)
Your four strong arms can wield two-handed weapons with a shield.


Message History

You shout for attention!
The hobgoblin closely misses you. The giant cockroach bites you.
What are your orders? t - Shout!
Orders for allies: a - Attack new target. r - Retreat! s - Stop attacking. g - Guard the area. f - Follow me.
Anything else - Cancel.
You shout for attention!
The giant cockroach bites you but does no damage.
The hobgoblin closely misses you. What are your orders? t - Shout!
Orders for allies: a - Attack new target. r - Retreat! s - Stop attacking. g - Guard the area. f - Follow me.
Anything else - Cancel.
You shout for attention!
The giant cockroach bites you but does no damage.
The hobgoblin closely misses you.
The giant cockroach bites you but does no damage.
What are your orders? t - Shout!
Orders for allies: a - Attack new target. r - Retreat! s - Stop attacking. g - Guard the area. f - Follow me.
Anything else - Cancel.
You shout for attention!
The hobgoblin hits you. The giant cockroach barely misses you.
What are your orders? t - Shout!
Orders for allies: a - Attack new target. r - Retreat! s - Stop attacking. g - Guard the area. f - Follow me.
Anything else - Cancel.
You shout for attention!
The hobgoblin hits you.
You die...

########.......#
#.................#
#.................#
#.................######
#............###........
#............# #....####
#............# #....#..
#............# #....#.#
+......@....># #....#.##
#.....gB.....# ####.#...
#............# #.....#
#............# #......
..........)..# #.....#
....##...###.# #....†#
.... #...# #.# #.....#
... ....## #.# #.....#
..$... #.# #......


You could see a giant cockroach and a hobgoblin.

Vanquished Creatures
  An adder (D:2)
  A dart slug (D:1)
  3 endoplasms
  A giant cockroach (D:1)
  A goblin (D:1)
  5 hobgoblins
  6 jackals (D:1)
  2 quokkas (D:1)
  2 ball pythons (D:1)
  4 bats (D:1)
  A frilled lizard (D:1)
  4 kobolds
  A rat (D:2)
32 creatures vanquished.

Notes
Turn   | Place    | Note
-------+----------+-------------------------------------------
     0 | D:1      | DildoBatman the Formicid Conjurer began the quest for the
                  | Orb.
     0 | D:1      | Reached XP level 1. HP: 13/13 MP: 3/3
   204 | D:1      | Reached XP level 2. HP: 17/20 MP: 5/5
   207 | D:1      | Learned a level 2 spell: Searing Ray
   304 | D:1      | Reached skill level 1 in Fighting
   326 | D:1      | Reached XP level 3. HP: 26/26 MP: 1/6
   482 | D:1      | Reached skill level 1 in Armour
   710 | D:1      | Found Juoquyl's General Store.
   729 | D:1      | Bought a potion of curing for 33 gold pieces
   736 | D:1      | Got Ahacw's Disquisition on Transmutation and the Volcanoes
  1106 | D:2      | Reached skill level 4 in Conjurations
  1120 | D:2      | Reached XP level 4. HP: 13/32 MP: 8/8
  1150 | D:2      | Slain by a hobgoblin

Illustrated notes

Levels and vault maps discovered:
D:1:      sevenhm_arrival_forest_fort_small_3, layout_loops_corners,
          serial_shops, nicolae_shop_hallway_stairs, minmay_misc_feat_nine_boxes
D:2:      layout_basic, basic_altar, minmay_snake_closets

Skill      XL: |  1  2  3 |
---------------+----------+-----
Dodging        | 2 |  2.0
Fighting       | 1 |  1.4
Armour         | 1 |  1.4
Conjurations   | 4 |  4.0
Stealth        | |  2.4
Spellcasting   | |  2.7

Action                   |  1- 3 |  4- 6 || total
-------------------------+-------+-------++-------
Melee: Dagger            |    29 |       ||    29
       Spear             |     4 |       ||     4
 Cast: Magic Dart        |    22 |       ||    22
       Searing Ray       |     8 |       ||     8
 Stab: Sleeping          |     4 |       ||     4
Armor: Robe              |     5 |    11 ||    16
Dodge: Dodged            |    17 |    29 ||    46
